Map: Orbital Shipyard

Players

Zeus - Winner!

  • Race: Zerg Zerg
  • League: Platinum

Javert

  • Race: Zerg Zerg
  • League: Gold

VOD

Have the link to the VOD?

Description

Time

  • Played on: Sept. 29, 2015, 12:41 a.m.
  • Length: 5:36
Show
View Real Time Build Order
Export as new Build Order

Zeus Zerg - Winner!

Build Orders: Pool First 

Get SALT Encoding   

  12  0:00  Drone  
  13  0:13  Overlord  
  13  0:17  Drone  
  14  0:32  Drone x2  
  16  0:36  Drone  
  16  0:40  Extractor  
  16  0:46  Spawning Pool  
  16  0:50  Drone  
  16  0:57  Drone  
  17  1:16  Hatchery  
  16  1:20  Drone  
  16  1:23  Drone  
  18  1:29  Drone  
  19  1:38  Queen  
  21  1:46  Metabolic Boost  
  21  1:54  Overlord  
  21  2:05  Evolution Chamber  
  20  2:15  Queen  
  22  2:19  Zergling x6  
  25  2:29  Zergling x2  
  26  2:33  Zerg Missile Weapons Level 1  
  26  2:36  Overlord  
  26  2:47  Zergling x2  
  26  2:48  Zergling x8  
  26  2:49  Zergling x2  
  32  2:58  Baneling Nest  
  31  2:59  Drone  
  32  3:06  Drone x2  
  32  3:10  Drone  
  32  3:12  Drone  
  34  3:33  Drone x4  
  39  3:34  Drone x3  
  37  3:52  Drone  
  37  3:53  Drone x5  
  43  4:04  Overlord x3  
  39  4:24  Drone  
  39  4:27  Zergling x10  
  39  4:30  Zergling x2  
  46  4:33  Hatchery  
  46  4:37  Zergling x8  
  49  4:40  Zergling x2  
  49  4:44  Zergling x2  
  51  4:50  Zergling x8  
  55  4:53  Zergling x4  
  57  5:02  Overlord  
  57  5:03  Overlord x2  
  57  5:04  Overlord x2  
  57  5:13  Drone  
  57  5:24  Drone, Extractor  
  59  5:32  Extractor  
  59  5:34  Extractor  
Show
View Real Time Build Order
Export as new Build Order

Javert Zerg 

Build Orders: Pool First 

Get SALT Encoding   

  12  0:01  Drone  
  13  0:15  Overlord  
  13  0:19  Drone  
  14  0:33  Drone x2  
  16  0:38  Drone  
  17  0:50  Drone, Spawning Pool  
  17  1:00  Drone  
  18  1:16  Drone  
  19  1:21  Hatchery  
  19  1:25  Extractor  
  17  1:39  Roach Warren, Queen  
  18  1:44  Drone x2  
  20  1:49  Overlord  
  20  2:21  Roach  
  20  2:22  Roach x2  
  26  2:37  Queen  
  26  2:42  Roach  
  26  2:43  Roach  
  32  2:51  Drone x4  
  36  3:07  Hatchery  
  36  3:09  Drone  
  36  3:27  Overlord  
  31  3:41  Overlord  
  31  3:44  Queen  
  29  3:49  Roach x3  
  31  3:56  Roach x2  
  35  4:04  Queen  
  37  4:14  Drone x4  
  41  4:23  Drone x3  
  43  4:28  Drone  
  44  4:34  Drone  
  45  4:46  Drone x5  
  50  4:55  Evolution Chamber  
  49  5:07  Drone, Overlord  
  48  5:24  Drone  
Tags
 
Add a new tag
Caveats
  • Supply blocks, unpowered buildings, or Contaminate may cause inaccurate times.
  • Supply counts are checked every 10 seconds.